 Dungeon Crawl Stone Soup version 0.32-a0-900-g30fb1b0edc (webtiles) character file.

Game seed: 17568551003552268671

36312 mopl the Toxicologist (level 13, 0/89 HPs)
             Began as an Octopode Alchemist on Apr 4, 2024.
             Was a High Priest of Vehumet.
             Slain by an eight-headed hydra (12 damage)
             ... on level 4 of the Lair of Beasts on Apr 5, 2024.
             The game lasted 00:38:49 (16127 turns).

mopl the Toxicologist (Octopode Alchemist)         Turns: 16127, Time: 00:38:49

Health: 0/89       AC:  5    Str:  8    XL:     13   Next: 89%
Magic:  26/37      EV: 14    Int: 21    God:    Vehumet [*****.]
Gold:   257        SH:  0    Dex: 13    Spells: 14/35 levels left

rFire   + . .        h - +2 dagger (venom)
rCold   + . .        D - orb {*channel}
rNeg    . . .        (helmet restricted)
rPois   +            F - amulet of the acrobat
rElec   .            v - ring of magical power
rCorr   .            J - ring "Itzogyipn" {rPois rF+}
SInv    +            P - +4 ring of protection
Will    .....        A - ring of ice
Stlth   +++          U - ring of fire
HPRegen 0.34/turn    V - ring of protection from cold
MPRegen 0.25/turn    W - ring of see invisible
                     (no ring)

%: acrobat, channel magic (20%)
@: no status effects
A: almost no armour, amphibious, 8 rings, camouflage 1, gelatinous body 1,
(nimble swimmer 1), tentacles
a: Renounce Religion


You were on level 4 of the Lair of Beasts.
You worshipped Vehumet.
Vehumet was extremely pleased with you.
You visited 3 branches of the dungeon, and saw 16 of its levels.

You collected 1285 gold pieces.
You spent 1028 gold pieces at shops.

Inventory:

Hand Weapons
 h - a +2 dagger of venom (weapon)
 G - a +2 scimitar of flaming
Missiles
 j - 20 poisoned darts
 l - 7 boomerangs
 q - 6 curare-tipped darts
 N - 3 throwing nets
Armour
 D - an orb of energy (worn)
Magical Staves
 O - a staff of cold
 Q - a staff of earth
 X - the staff "Tuybb" {Dex+5 Conj Summ}
   (You found it on level 3 of the Lair of Beasts)

   [staff of conjuration]

   Base accuracy: +5 Base damage: 5 Base attack delay: 1.2 This weapon's minimum
   attack delay (0.6) is reached at skill level 12.
   Dex+5:     It affects your dexterity (+5).
   Conj:      It increases the power of your Conjurations spells.
   Summ:      It increases the power of your Summonings spells.
   It falls into the 'Staves' category.
   It is a one-tentacled weapon.
Jewellery
 v - a ring of magical power (left tentacle)
 w - an amulet of reflection
 A - a ring of ice (on tentacle)
 F - an amulet of the acrobat (around mantle)
 J - the ring "Itzogyipn" (right tentacle) {rPois rF+}
   (You acquired it on level 5 of the Dungeon)

   [ring of poison resistance]

   rF+:       It protects you from fire.
   rPois:     It protects you from poison.
 M - an amulet of guardian spirit
 P - a +4 ring of protection (on tentacle)
 U - a ring of fire (on tentacle)
 V - a ring of protection from cold (on tentacle)
 W - a ring of see invisible (on tentacle)
Wands
 t - a wand of charming (16)
 y - a wand of flame (13)
 H - a wand of roots (15)
 K - a wand of quicksilver (2)
Scrolls
 c - 9 scrolls of identify
 d - 2 scrolls of vulnerability {unknown}
 f - 4 scrolls of amnesia {unknown}
 i - a scroll of enchant armour {unknown}
 k - 2 scrolls of poison {unknown}
 m - 2 scrolls of blinking
 n - a scroll of brand weapon {unknown}
 o - 4 scrolls of fear {unknown}
 u - 4 scrolls of revelation {unknown}
 x - 6 scrolls of teleportation
 B - 2 scrolls of fog {unknown}
 I - 2 scrolls of enchant weapon {unknown}
 S - a scroll of silence {unknown}
 T - a scroll of butterflies {unknown}
Potions
 a - a potion of magic
 b - a potion of brilliance
 e - 2 potions of mutation {!q}
 g - 6 potions of curing
 p - 3 potions of berserk rage {!q}
 r - a potion of invisibility
 s - 3 potions of heal wounds
 z - 2 potions of resistance
 C - 4 potions of enlightenment
 E - 4 potions of lignification {!q}
 L - 2 potions of ambrosia
 R - a potion of haste


   Skills:
 + Level 8.4 Fighting
 + Level 5.0 Dodging
 - Level 2.6 Stealth
 * Level 11.8 Spellcasting
 + Level 9.2 Conjurations
 - Level 5.0 Translocations
 + Level 8.1 Fire Magic
 + Level 13.3 Alchemy


You had 14 spell levels left.
You knew the following spells:

 Your Spells              Type           Power      Damage    Failure   Level
a - Sting                 Conj/Alch      100%       1d9       1%          1
c - Mephitic Cloud        Conj/Alch/Air  43%        N/A       1%          3
d - Sticky Flame          Fire/Alch      72%        2d12      1%          4
e - Blink                 Tloc           66%        N/A       5%          2
h - Inner Flame           Hex/Fire       44%        N/A       3%          3
o - Olgreb's Toxic Radia  Alch           62%        N/A       1%          4
w - Flame Wave            Conj/Fire      65%        2d15      1%          4

Your spell library contained the following spells:

 Spells                   Type           Power      Damage    Failure   Level
 Starburst                Conj/Fire      32%        6d10      13%         6
 Mercury Vapours          Alch/Air       80%        N/A       1%          2
 Momentum Strike          Conj/Tloc      84%        3d10      1%          2
 Lesser Beckoning         Tloc           66%        N/A       5%          2
 Frozen Ramparts          Ice            36%        1d6       10%         3
 Necrotise                Necr           48%        1d6       16%         1
 Ozocubu's Armour         Ice            18%        N/A       34%         3
 Vampiric Draining        Necr           12%        2d6       34%         3
 Martyr's Knell           Necr/Summ      12%        N/A       69%         4
 Curse of Agony           Necr           12%        N/A       94%         5
 Metabolic Englaciation   Hex/Ice        9%         N/A       94%         5


Dungeon Overview and Level Annotations

Branches:
Dungeon (11/15)            Temple (1/1) D:4            Lair (4/5) D:11
 Shoals (0/4) Lair:2       Spider (0/4) Lair:2
  Slime: Lair:4-5       Orc: D:9-12

Altars:
Ashenzari
Cheibriados
Dithmenos
Elyvilon
Fedhas
Gozag
Hepliaklqana
Kikubaaqudgha
Makhleb
Nemelex Xobeh
Okawaru
Qazlal
Ru
Sif Muna
Trog
Uskayaw
Vehumet
Wu Jian
Xom
Yredelemnul
Zin
The Shining One

Shops:
D:5 ?!   D:7 (   D:8 (   D:10 [   D:11 (

Annotations:
D:11 exclusion: skeletal warrior


Innate Abilities, Weirdness & Mutations

You cannot wear most types of armour.
You are amphibious.
You can wear up to eight rings at the same time.
Your skin changes colour to match your surroundings (Stealth+).
Your rubbery body absorbs attacks. (AC +1, EV +1)
((You are camouflaged when in or above water. (Stealth+)))
You have tentacles for arms and can constrict up to eight enemies at once.


Message History

Press: ? - help, Shift-Dir - straight line, f - blink frog
Aim: a blink frog (moderately wounded, poisoned)
You feel a surge of power!
The sticky flame hits the blink frog.
The blink frog is heavily wounded.
Your toxic aura wanes.
The blink frog burns!
The blink frog hits you!
The blink frog burns!
The blink frog hits you.
The blink frog blinks! x2
Vehumet accepts your kill.
You feel your power returning.
You feel a bit more experienced.
Casting: Sticky Flame (mildly dangerous; 1% risk of failure)
Confirm with . or Enter, or press ? or * to list all spells.
Aiming: Sticky Flame (mildly dangerous; 1% risk of failure)
Press: ? - help, Shift-Dir - straight line, f - eight-headed hydra
Aim: an eight-headed hydra You feel a surge of power!
The sticky flame hits the eight-headed hydra!
The eight-headed hydra is lightly wounded.
The eight-headed hydra burns!
The eight-headed hydra barely misses you. x2
The eight-headed hydra bites you! The eight-headed hydra bites you.
The eight-headed hydra bites you but does no damage.
The eight-headed hydra bites you. x2; The eight-headed hydra misses you.
Unknown command.
Casting: Sticky Flame (mildly dangerous; 1% risk of failure)
Confirm with . or Enter, or press ? or * to list all spells.
Casting: Flame Wave (dangerous; 1% risk of failure)
Press: ? - help, Dir - look around, f - activate You feel a surge of power!
A wave of flame ripples out!
The flame wave engulfs the eight-headed hydra!
The eight-headed hydra is heavily wounded. (Press . to intensify the flame waves.)
You hear a loud, deep croak!
You hear a croak.
The eight-headed hydra burns!
The eight-headed hydra bites you.
The eight-headed hydra closely misses you.
The eight-headed hydra bites you. The eight-headed hydra bites you! x2
* * * LOW HITPOINT WARNING * * *
The eight-headed hydra bites you!
* * * LOW HITPOINT WARNING * * *
The eight-headed hydra bites you!
You die...

. # .. #..... ... #.....
.... #..... #...
########..###
#..##..#........#
#......D@......#
##.............#
######.#......##
##.##.....##. ####.......#
#........ ### ###
###........ ..######
##.###..........
.......#####.#.............


You could see an eight-headed hydra (burning).

Vanquished Creatures
  Harold (Lair:2)
  Fannar (D:11)
  A hydra (Lair:2)
  Erica (D:8)
  3 two-headed ogres
  2 skeletal warriors (D:11)
  2 skysharks
  Lodul (D:11)
  Pikel (D:6)
  A lindwurm (Lair:3)
  A cyclops (D:11)
  Maurice (D:8)
  An ugly thing (D:11)
  A wolf spider (Lair:2)
  10 elephants
  3 black mambas
  A spectral unseen horror (D:7)
  7 cane toads
  Maggie (D:7)
  Jeremiah (D:7)
  6 komodo dragons
  A hornet (D:8)
  A tarantella (Lair:2)
  Prince Ribbit (D:6)
  8 blink frogs
  2 shadows
  51 yaks
  A basilisk (Lair:2)
  2 wyverns
  A steam dragon (D:8)
  Grum (D:8)
  2 wraiths (D:11)
  3 acid dragons
  9 water moccasins
  2 orc warriors
  An ice beast (D:6)
  2 black bears
  A sky beast (D:8)
  12 wolves
  9 ogres (D:11)
  5 centaurs
  2 lemures (D:6)
  A phantom (D:7)
  2 kobold brigands (D:8)
  A weeping skull (D:7)
  12 bullfrogs
  4 scorpions
  A wyvern skeleton (D:7)
  22 wights
  9 killer bees
  2 bombardier beetles
  2 hounds
  A jelly (D:5)
  3 orc priests
  A gnoll bouda (D:9)
  A sleepcap (D:8)
  2 iguanas
  Natasha (thrice) (D:3)
  9 orc wizards
  Ijyb (D:4)
  A centaur simulacrum (D:7)
  A howler monkey zombie (D:7)
  Robin (D:3)
  3 gnolls (D:9)
  7 adders
  2 white imps
  2 dart slugs
  3 ribbon worms (D:2)
  23 orcs
  3 ball pythons
  5 bats
  5 endoplasms
  A giant cockroach (D:4)
  20 goblins
  5 hobgoblins
  6 jackals (D:4)
  7 quokkas
  2 frilled lizards
  8 kobolds
  5 rats
351 creatures vanquished.

Notes
Turn   | Place    | Note
-------+----------+-------------------------------------------
     0 | D:1      | mopl the Octopode Alchemist began the quest for the Orb.
     0 | D:1      | Reached XP level 1. HP: 11/11 MP: 3/3
   270 | D:1      | Reached XP level 2. HP: 16/17 MP: 1/5
   756 | D:2      | Reached XP level 3. HP: 10/21 MP: 0/6
   987 | D:2      | Reached skill level 4 in Alchemy
  1408 | D:3      | Reached XP level 4. HP: 18/27 MP: 4/8
  1465 | D:3      | Learned a level 4 spell: Olgreb's Toxic Radiance
  1471 | D:3      | Reached skill level 3 in Spellcasting
  1501 | D:3      | Noticed Natasha
  1509 | D:3      | Killed Natasha
  1510 | D:3      | Reached skill level 2 in Conjurations
  1682 | D:3      | Noticed Natasha
  1689 | D:3      | Killed Natasha
  1690 | D:3      | Reached XP level 5. HP: 24/31 MP: 3/10
  1712 | D:3      | Noticed Robin
  1761 | D:3      | Noticed Natasha
  1771 | D:3      | Killed Natasha
  2005 | D:3      | Killed Robin
  2011 | D:3      | Found a white marble altar of Elyvilon.
  2055 | D:3      | Reached skill level 5 in Alchemy
  2484 | D:4      | Found a hide-covered altar of Uskayaw.
  2518 | D:4      | Reached XP level 6. HP: 34/36 MP: 7/11
  2576 | D:4      | Reached skill level 4 in Spellcasting
  2788 | D:4      | Found a staircase to the Ecumenical Temple.
  2807 | Temple   | Entered the Ecumenical Temple
  2830 | Temple   | Became a worshipper of Vehumet
  2934 | D:4      | Noticed Ijyb
  2944 | D:4      | Killed Ijyb
  3277 | D:5      | Entered Level 5 of the Dungeon
  3338 | D:5      | Reached skill level 3 in Conjurations
  3356 | D:5      | Reached XP level 7. HP: 32/41 MP: 11/13
  3404 | D:5      | Reached skill level 6 in Alchemy
  3793 | D:5      | Learned a level 4 spell: Sticky Flame
  3796 | D:5      | Learned a level 2 spell: Blink
  3800 | D:5      | Learned a level 3 spell: Mephitic Cloud
  3859 | D:5      | Identified the +1 robe of the Beginning {Int+4}
  3869 | D:5      | Found Hoina's Magic Scroll Boutique.
  3870 | D:5      | Found Boametsu's Distillery.
  3935 | D:5      | Found an iron altar of Okawaru.
  4250 | D:5      | Reached skill level 5 in Spellcasting
  4500 | D:6      | Noticed Pikel
  4517 | D:6      | Killed Pikel
  4518 | D:6      | Reached skill level 1 in Fighting
  4518 | D:6      | Reached skill level 4 in Conjurations
  4518 | D:6      | Reached skill level 1 in Fire Magic
  4518 | D:6      | Reached skill level 7 in Alchemy
  4518 | D:6      | Reached XP level 8. HP: 24/48 MP: 13/16
  4628 | D:6      | Reached * piety under Vehumet
  4628 | D:6      | Offered knowledge of Shock by Vehumet.
  4635 | D:6      | Reached skill level 2 in Fighting
  4799 | D:6      | Noticed Prince Ribbit
  4809 | D:6      | Killed Prince Ribbit
  4810 | D:6      | Reached skill level 6 in Spellcasting
  4810 | D:6      | Reached skill level 2 in Fire Magic
  4964 | D:6      | Reached XP level 9. HP: 55/55 MP: 18/18
  5094 | D:6      | Reached skill level 8 in Alchemy
  5213 | D:7      | Found a shadowy altar of Dithmenos.
  5276 | D:7      | Found a hazy altar of Hepliaklqana.
  5316 | D:7      | Noticed Maggie
  5320 | D:7      | Reached skill level 3 in Fighting
  5325 | D:7      | Reached skill level 3 in Fire Magic
  5328 | D:7      | Killed Maggie
  5329 | D:7      | Reached skill level 5 in Conjurations
  5373 | D:7      | Noticed a spectral unseen horror
  5596 | D:7      | Reached skill level 7 in Spellcasting
  5945 | D:7      | Noticed Jeremiah
  5972 | D:7      | Killed Jeremiah
  5973 | D:7      | Reached skill level 9 in Alchemy
  5974 | D:7      | Killed a spectral unseen horror
  5975 | D:7      | Reached skill level 4 in Fighting
  5975 | D:7      | Reached XP level 10. HP: 18/63 MP: 21/21
  6129 | D:7      | Reached skill level 4 in Fire Magic
  6177 | D:7      | Identified the +1 dagger "Valelih" {pain, ^Drain +Blink
                  | Str+5}
  6205 | D:7      | Found Tyss's Weapon Emporium.
  6688 | D:8      | Reached ** piety under Vehumet
  6688 | D:8      | Offered knowledge of Searing Ray by Vehumet.
  6689 | D:8      | Reached skill level 1 in Translocations
  6778 | D:8      | Noticed Erica
  6790 | D:8      | Killed Erica
  6791 | D:8      | Reached skill level 6 in Conjurations
  6816 | D:8      | Reached skill level 8 in Spellcasting
  6841 | D:8      | Found a shimmering blue altar of Sif Muna.
  6982 | D:8      | Noticed Grum
  6995 | D:8      | Killed Grum
  6996 | D:8      | Reached skill level 10 in Alchemy
  7001 | D:8      | Reached skill level 2 in Translocations
  7289 | D:8      | Found an opulent altar of Gozag.
  7355 | D:8      | Noticed Maurice
  7380 | D:8      | Maurice stole a +2 scimitar of flaming
  7388 | D:8      | Killed Maurice
  7389 | D:8      | Reached skill level 5 in Fighting
  7770 | D:8      | Reached XP level 11. HP: 68/71 MP: 22/23
  7783 | D:8      | Reached skill level 5 in Fire Magic
  7801 | D:8      | Offered knowledge of Inner Flame by Vehumet.
  7802 | D:8      | Reached skill level 3 in Translocations
  7920 | D:8      | Noticed a two-headed ogre
  7952 | D:8      | Killed a two-headed ogre
  7958 | D:8      | Learned a level 3 spell: Inner Flame
  8055 | D:8      | Found Zeadghone's Weapon Shoppe.
  8250 | D:5      | Bought a scroll of acquirement for 572 gold pieces
  8250 | D:5      | Acquired the ring "Itzogyipn" {rPois rF+}
  8631 | D:9      | Reached *** piety under Vehumet
  8781 | D:9      | Reached skill level 9 in Spellcasting
  8781 | D:9      | Reached skill level 11 in Alchemy
  9296 | D:10     | Entered Level 10 of the Dungeon
  9296 | D:10     | Noticed a two-headed ogre
  9305 | D:10     | Noticed a two-headed ogre
  9307 | D:10     | Reached skill level 7 in Conjurations
  9310 | D:10     | Killed a two-headed ogre
  9337 | D:10     | Killed a two-headed ogre
  9338 | D:10     | Reached skill level 6 in Fighting
  9498 | D:10     | Offered knowledge of Dazzling Flash by Vehumet.
  9533 | D:10     | You fall into a shaft and drop 1 floor!
  9558 | D:10     | Reached skill level 4 in Translocations
  9696 | D:10     | Found Yhie's Armour Boutique.
  9979 | D:5      | Bought a scroll of noise for 11 gold pieces
  9986 | D:5      | Bought a potion of degeneration for 14 gold pieces
  9992 | D:5      | Bought a scroll of identify for 22 gold pieces
  9998 | D:5      | Bought a potion of lignification for 42 gold pieces
 10151 | D:11     | Noticed a skeletal warrior
 10167 | D:11     | Noticed a cyan ugly thing
 10183 | D:11     | Killed a cyan ugly thing
 10184 | D:11     | Reached skill level 6 in Fire Magic
 10184 | D:11     | Reached XP level 12. HP: 64/79 MP: 25/25
 10384 | D:11     | Noticed Fannar
 10398 | D:11     | Killed Fannar
 10494 | D:11     | Found a staircase to the Lair.
 10702 | D:11     | Reached skill level 12 in Alchemy
 11029 | D:11     | Noticed Lodul
 11032 | D:11     | Reached skill level 10 in Spellcasting
 11039 | D:11     | Reached **** piety under Vehumet
 11040 | D:11     | Killed Lodul
 11239 | D:11     | Found Goin's Weapon Shoppe.
 11332 | D:11     | Identified the +1 ring mail of Peek-a-Boo {rCorr Int+6}
 11506 | D:5      | Bought a potion of enlightenment for 70 gold pieces
 11506 | D:5      | Bought a potion of berserk rage for 70 gold pieces
 11506 | D:5      | Bought a potion of ambrosia for 112 gold pieces
 11511 | D:5      | Bought a scroll of teleportation for 33 gold pieces
 11690 | Lair:1   | Entered Level 1 of the Lair of Beasts
 11701 | Lair:1   | Offered knowledge of Flame Wave by Vehumet.
 11704 | Lair:1   | Reached skill level 5 in Translocations
 11802 | Lair:1   | Upgraded the game from 0.32-a0-898-g7811c86cf0 to
                  | 0.32-a0-900-g30fb1b0edc
 11927 | Lair:1   | Reached skill level 8 in Conjurations
 12253 | Lair:1   | Reached skill level 7 in Fighting
 12269 | Lair:1   | Learned a level 4 spell: Flame Wave
 13188 | D:5      | Bought a scroll of blinking for 82 gold pieces
 13499 | Lair:2   | Noticed Harold
 13509 | Lair:2   | Killed Harold
 13510 | Lair:2   | Reached skill level 7 in Fire Magic
 13523 | Lair:2   | Reached skill level 3 in Dodging
 13673 | Lair:2   | Noticed a six-headed hydra
 13700 | Lair:2   | Reached XP level 13. HP: 86/86 MP: 27/27
 14006 | Lair:2   | Reached skill level 11 in Spellcasting
 14301 | Lair:2   | Found a hole to the Spider Nest.
 14488 | Lair:2   | Found a staircase to the Shoals.
 14952 | Lair:3   | Reached skill level 4 in Dodging
 15036 | Lair:3   | Reached skill level 13 in Alchemy
 15215 | Lair:3   | Reached ***** piety under Vehumet
 15288 | Lair:3   | Reached skill level 8 in Fighting
 15297 | Lair:3   | Identified the staff "Tuybb" {Dex+5 Conj Summ}
 15332 | Lair:3   | Offered knowledge of Starburst by Vehumet.
 15456 | Lair:3   | Reached skill level 9 in Conjurations
 15992 | Lair:4   | Reached skill level 8 in Fire Magic
 16007 | Lair:4   | Reached skill level 5 in Dodging
 16127 | Lair:4   | Slain by an eight-headed hydra

Illustrated notes

Levels and vault maps discovered:
D:1:      dpeg_arrival_orchard, layout_loops_ring
D:2:      layout_loops_ring
D:3:      layout_basic, mainiacjoe_overflow_catwalk, grunt_ministairs_10,
          uniq_natasha, uniq_robin
D:4:      kennysheep_goblin_castle, layout_rooms, amcnicky_altar_gilded,
          minmay_temple_entry_wispy
D:5:      layout_cave_pods, mainiacjoe_overflow_concentric_impassable,
          nicolae_wooded_promenade
D:6:      layout_rooms, uniq_prince_ribbit1, uniq_pikel
D:7:      layout_loops_ring, grunt_dithmenos_smoke_and_mirrors,
          nzn_hepliaklqana_mist_gate, serial_shops, nicolae_shop_trees,
          dilly_guarded_unrand_morg, uniq_maggie, uniq_jeremiah
D:8:      layout_rooms, mainiacjoe_overflow_paths, grunt_gozag_statues,
          serial_shops, nicolae_shop_bloodbath_and_beyond, minmay_bent,
          uniq_erica, uniq_grum, uniq_maurice
D:9:      layout_long_grid
D:10:     layout_roguey, serial_shops, shop
D:11:     layout_stronghold, david_lair_shrubbed, serial_shops,
          nicolae_shop_statue_plus, uniq_lodul, uniq_fannar
Temple:   regret_index_temple_generic_petals
Lair:1:   layout_layer_cave
Lair:2:   layout_hall_layers, elwin_shoals_entry_rocks,
          spider_nest_entry_rubble, st_stairs_3, uniq_harold
Lair:3:   layout_gridlike, beast_lair_carwin_1
Lair:4:   layout_layer_cave

Skill      XL: |  1  2  3  4  5  6  7  8  9 10 11 12 13 |
---------------+----------------------------------------+-----
Alchemy        | 4 5 7 9 10 11 12 13 | 13.3
Spellcasting   | 3 4 5 6 7 8 9 10 11 | 11.8
Conjurations   | 2 3 4 5 6 7 8 9 |  9.2
Fighting       | 1 2 4 5 6 7 8 |  8.4
Fire Magic     | 1 2 3 4 6 7 8 |  8.1
Translocations | 2 4 5 |  5.0
Dodging        | 3 5 |  5.0
Stealth        | |  2.6

Action                     |  1- 3 |  4- 6 |  7- 9 | 10-12 | 13-15 || total
---------------------------+-------+-------+-------+-------+-------++-------
  Melee: Unarmed           |     9 |       |       |       |       ||     9
         Constrict         |     5 |     7 |     4 |    16 |     6 ||    38
         Tentacles         |     7 |     9 |     3 |    19 |     7 ||    45
         Dagger            |     9 |    29 |    10 |    51 |    15 ||   114
   Cast: Sting             |    63 |    62 |    79 |    26 |       ||   230
         Olgreb's Toxic Ra |       |     8 |    13 |    75 |    57 ||   153
         Sticky Flame      |       |       |    16 |    90 |    33 ||   139
         Blink             |       |       |       |     4 |     1 ||     5
         Mephitic Cloud    |       |       |       |     2 |       ||     2
         Flame Wave        |       |       |       |       |     5 ||     5
  Evoke: Wand              |       |       |     5 |     6 |       ||    11
    Use: Potion            |       |     2 |       |       |       ||     2
         Scroll            |       |       |       |     9 |       ||     9
   Stab: Sleeping          |       |     1 |     1 |     3 |     1 ||     6
 Armour: Skin              |    24 |    31 |    53 |   113 |    59 ||   280
  Dodge: Dodged            |    19 |    20 |    33 |   138 |    77 ||   287

Table legend: (Time is in decaauts)
 A = Elapsed time spent in this place.
 B = Non-inter-level travel time spent in this place.
 C = Inter-level travel time spent in this place.
 D = Time resting spent in this place.
 E = Time spent auto-exploring this place.
 F = Levels seen in this place.
 G = Mean time per level.
                   A        B        C        D        E       F      G
               +--------+--------+--------+--------+--------+-----+--------+
         Total |  16157 |  14384 |   1773 |   3447 |   8137 |  16 | 1009.8 |
       Dungeon |  12020 |  10621 |   1399 |   2879 |   5783 |  11 | 1092.7 |
        Temple |     45 |      1 |     44 |      0 |      0 |   1 |   45.0 |
          Lair |   4091 |   3762 |    329 |    568 |   2354 |   4 | 1022.8 |
               +--------+--------+--------+--------+--------+-----+--------+

Top non-repeatable levels by time:
     D:7: 1719 daAuts
  Lair:1: 1631 daAuts
     D:8: 1367 daAuts
    D:11: 1366 daAuts
     D:5: 1358 daAuts
     D:9: 1196 daAuts
  Lair:2: 1086 daAuts
     D:6: 1076 daAuts
     D:3: 1063 daAuts
  Lair:3: 1000 daAuts
     D:4: 788 daAuts
    D:10: 718 daAuts
     D:1: 688 daAuts
     D:2: 677 daAuts
  Lair:4: 373 daAuts
